cohdb
Replays
Latest Replays
All Replays
Popular Replays
Top Player Replays
Match Explorer
How It Works
Community
CoH3 Stats
Reddit
Sign in to upload your games and track your stats! →
Sign in with Steam
Match 42175607
Unlisted
Match 42175607
Overview
Messages
Build Orders
End
Vickers Machine Gun Team
Construct Section Command Post
Selects Canadian Shock Battlegroup
ML 3-inch Mortar Team
ML 3-inch Mortar Team
Infantry Section
Selects Offensive Resupply
Selects Canadian Shock Section
Canadian Shock Section
Construct Platoon Command Post
Selects Incendiary Munitions
CMP 15cwt Truck
Selects Incendiary Munitions
Canadian Shock Section
Forward Retreat Point
Construct Company Command Post
Selects Pyrotechnics
Matilda II Heavy Tank
Matilda II Heavy Tank
Crusader II Medium Tank
SirBigBalls™
jarringmarigold
UH|dun! ツ
UH|ck
0
0
Comments
sign in to comment!
No comments posted yet!